Map: 幽暗之塔

Players

Rex - Winner!

  • Race: Zerg Zerg
  • League: Grandmaster

Nice

  • Race: Protoss Protoss
  • League: Grandmaster

Event: 2016 WCS Winter Challenger Taiwan

VOD

Have the link to the VOD?

Description

Time

  • Played on: Jan. 15, 2016, 7:54 a.m.
  • Length: 12:21

All games in this series

Show
View Real Time Build Order
Export as new Build Order

Rex Zerg - Winner!

Build Orders: 3 Hatch before Pool 

Get SALT Encoding   

  12  0:00  Drone  
  13  0:10  Drone  
  14  0:19  Overlord  
  14  0:25  Extractor  
  14  0:26  Drone  
  15  0:38  Drone x2  
  17  1:00  Hatchery, Drone  
  17  1:03  Drone  
  18  1:08  Drone  
  19  1:29  Hatchery  
  18  1:39  Spawning Pool  
  17  1:40  Drone  
  17  1:44  Drone  
  19  2:04  Hatchery  
  19  2:10  Drone  
  19  2:11  Overlord  
  19  2:14  Drone  
  21  2:29  Queen  
  23  2:30  Hatchery  
  23  2:35  Drone  
  23  2:37  Drone  
  24  2:47  Queen  
  27  2:51  Drone x2  
  27  2:55  Drone  
  27  2:56  Drone  
  30  3:04  Drone  
  31  3:06  Queen  
  31  3:12  Overlord  
  33  3:15  Zergling x2  
  33  3:17  Drone  
  33  3:18  Drone  
  36  3:26  Queen  
  38  3:27  Drone x2  
  38  3:30  Drone  
  41  3:34  Overlord  
  41  3:37  Drone x2  
  45  3:41  Drone x3  
  45  3:46  Drone  
  47  3:49  Overlord  
  47  3:51  Drone  
  47  3:53  Extractor  
  47  3:54  Extractor x2  
  45  3:56  Drone, Roach Warren  
  45  3:58  Drone, Zergling x4  
  45  3:59  Drone  
  45  4:00  Drone  
  50  4:10  Drone  
  50  4:11  Drone x2  
  50  4:14  Drone  
  54  4:17  Drone x2  
  54  4:22  Drone x2  
  54  4:23  Overlord  
  58  4:29  Drone x2  
  58  4:30  Overlord  
  58  4:31  Drone  
  61  4:35  Overlord, Drone  
  61  4:36  Drone x3  
  65  4:49  Spore Crawler  
  65  4:50  Lair  
  65  4:52  Drone x6, Spore Crawler  
  69  4:55  Spore Crawler  
  69  4:58  Overlord  
  68  5:00  Evolution Chamber  
  68  5:02  Roach x2  
  68  5:03  Roach  
  68  5:06  Roach  
  75  5:09  Roach  
  75  5:10  Roach  
  75  5:12  Roach  
  75  5:13  Roach  
  83  5:19  Extractor, Roach x2  
  85  5:25  Zergling x2  
  85  5:26  Zergling x2  
  87  5:31  Zergling x2  
  87  5:32  Zergling x4  
  87  5:33  Zerg Missile Weapons Level 1  
  87  5:34  Roach  
  87  5:35  Overlord, Zergling x4  
  94  5:40  Overlord  
  94  5:43  Zergling x4  
  94  5:49  Zergling x2, Roach  
  98  5:50  Zergling x2  
  98  5:54  Zergling x2, Roach  
  94  5:59  Roach x2  
  94  6:02  Roach x2  
  94  6:03  Roach x2  
  94  6:04  Roach  
  102  6:06  Glial Reconstitution  
  102  6:09  Zergling x2, Roach  
  102  6:10  Queen  
  102  6:12  Roach  
  102  6:14  Queen  
  102  6:16  Drone  
  102  6:17  Drone  
  106  6:21  Drone x2  
  107  6:26  Drone  
  107  6:27  Metabolic Boost  
  107  6:31  Queen  
  110  6:33  Overseer  
  110  6:38  Overlord x2, Zergling x2, Roach  
  113  6:56  Queen  
  113  6:59  Overlord  
  113  7:01  Overlord  
  115  7:04  Zergling x4, Roach  
  115  7:05  Zergling x8, Roach x3  
  125  7:23  Queen  
  125  7:28  Nydus Network, Overseer  
  121  7:31  Drone x3  
  121  7:32  Drone  
  121  7:34  Spire, Extractor x2  
  121  7:35  Drone  
  121  7:36  Spire, Drone x7  
  128  7:38  Overlord  
  128  7:40  Drone  
  128  7:41  Drone x2  
  131  7:51  Zerg Ground Armor Level 1  
  131  7:52  Drone  
  131  7:53  Hatchery  
  131  8:00  Drone x2  
  131  8:05  Spore Crawler  
  132  8:06  Nydus Canal  
  127  8:23  Zergling x2, Queen x3  
  128  8:27  Overlord  
  128  8:28  Drone  
  128  8:29  Drone x11  
  128  8:36  Overlord  
  128  8:39  Drone  
  129  8:44  Spore Crawler  
  129  8:45  Spore Crawler  
  125  9:04  Mutalisk x5  
  125  9:05  Mutalisk x4  
  125  9:08  Mutalisk  
  139  9:17  Drone x2  
  139  9:23  Mutalisk  
  141  9:24  Mutalisk x2  
  141  9:30  Zerg Flyer Weapons Level 1  
  147  9:34  Zergling x16  
  155  9:46  Overlord x2  
  155  9:48  Overlord x3  
  155  9:51  Overlord x2  
  155  9:57  Overlord x2  
  155  9:58  Overlord  
  155  10:17  Drone  
  155  10:18  Drone x13  
  155  10:20  Nydus Canal  
  151  10:53  Zergling x2  
  151  10:54  Zergling x20  
  151  10:56  Mutalisk x7  
  147  11:03  Mutalisk x4  
  153  11:08  Mutalisk  
  153  11:09  Extractor  
  153  11:10  Extractor  
  135  11:11  Hydralisk Den  
  135  11:13  Mutalisk x2  
  134  11:19  Zergling x2  
  135  11:33  Zergling x26  
  135  11:36  Queen  
  149  11:40  Mutalisk  
  149  11:41  Mutalisk x2  
  153  11:48  Zergling x2  
  153  11:49  Zergling x8  
  153  11:53  Mutalisk x2  
  146  12:03  Zergling x10  
  146  12:06  Drone  
Show
View Real Time Build Order
Export as new Build Order

Nice Protoss 

Build Orders:  

Get SALT Encoding   

  12  0:02  Probe (Chrono Boost)  
  13  0:12  Probe (Chrono Boost)  
  14  0:23  Probe (Chrono Boost)  
  14  0:24  Pylon  
  15  0:39  Pylon  
  15  0:42  Probe (Chrono Boost)  
  16  0:53  Probe (Chrono Boost)  
  17  1:08  Probe (Chrono Boost)  
  18  1:12  Nexus  
  18  1:18  Gateway  
  18  1:23  Probe (Chrono Boost)  
  19  1:33  Pylon  
  19  1:37  Probe (Chrono Boost)  
  20  1:48  Probe (Chrono Boost)  
  21  1:57  Assimilator  
  21  1:58  Probe (Chrono Boost)  
  22  2:09  Probe (Chrono Boost)  
  22  2:13  Assimilator  
  22  2:15  Cybernetics Core  
  23  2:22  Probe (Chrono Boost)  
  24  2:24  Probe (Chrono Boost)  
  25  2:32  Probe (Chrono Boost)  
  25  2:34  Probe (Chrono Boost)  
  27  2:37  Zealot (Chrono Boost)  
  27  2:44  Probe  
  30  2:45  Pylon  
  30  2:47  Probe  
  31  2:57  Mothership Core (Chrono Boost)  
  31  2:59  Warp Gate  
  31  3:04  Probe (Chrono Boost)  
  34  3:15  Pylon  
  34  3:16  Probe (Chrono Boost)  
  34  3:17  Adept  
  34  3:18  Probe (Chrono Boost)  
  38  3:27  Probe (Chrono Boost)  
  39  3:28  Probe (Chrono Boost)  
  39  3:32  Stargate  
  40  3:37  Probe (Chrono Boost)  
  40  3:39  Probe (Chrono Boost)  
  42  3:44  Adept  
  42  3:48  Probe (Chrono Boost)  
  45  3:50  Probe (Chrono Boost)  
  45  3:53  Pylon  
  46  3:55  Pylon  
  46  3:58  Probe (Chrono Boost), Pylon  
  47  4:13  Gateway  
  47  4:14  Gateway  
  47  4:15  Phoenix (Chrono Boost)  
  49  4:20  Gateway  
  49  4:21  Gateway  
  49  4:26  Assimilator  
  49  4:28  Gateway  
  49  4:34  Gateway  
  49  4:38  Gateway  
  52  4:46  Oracle (Chrono Boost)  
  52  5:04  Gateway  
  52  5:09  Adept x2  
  52  5:10  Adept  
  58  5:19  Oracle (Chrono Boost)  
  58  5:21  Pylon  
  61  5:31  Adept x2  
  61  5:32  Adept x2  
  61  5:33  Adept  
  61  5:34  Zealot x2  
  63  6:07  Oracle (Chrono Boost)  
  63  6:09  Probe  
  63  6:10  Adept x2  
  63  6:11  Probe  
  66  6:15  Assimilator  
  66  6:16  Pylon  
  58  6:41  Pylon x2  
  58  6:43  Pylon  
  58  6:44  Oracle (Chrono Boost)  
  58  6:45  Pylon  
  61  6:47  Stalker, Pylon  
  61  6:48  Probe  
  61  6:50  Probe  
  65  6:58  Probe  
  65  6:59  Stalker x4  
  74  7:02  Probe  
  75  7:09  Probe  
  75  7:14  Probe  
  75  7:15  Oracle (Chrono Boost)  
  80  7:20  Stalker x2  
  84  7:40  Adept x2  
  84  7:43  Nexus  
  88  7:45  Pylon  
  88  7:46  Oracle (Chrono Boost)  
  88  7:47  Pylon  
  91  7:57  Stargate  
  91  7:58  Stalker  
  91  8:01  Probe  
  91  8:03  Probe  
  95  8:07  Twilight Council  
  95  8:09  Forge  
  95  8:12  Probe  
  95  8:17  Oracle (Chrono Boost)  
  96  8:23  Zealot x8  
  112  8:46  Adept x4  
  112  8:47  Adept x2  
  127  8:48  Oracle (Chrono Boost)  
  127  9:09  Probe  
  125  9:10  Probe  
  125  9:11  Probe  
  125  9:13  Charge  
  118  9:19  Robotics Facility  
  118  9:22  Probe  
  118  9:24  Probe  
  123  9:25  Assimilator  
  123  9:27  Assimilator  
  123  9:34  Pylon  
  123  9:36  Pylon, Protoss Ground Weapons Level 1  
  123  9:47  Phoenix (Chrono Boost)  
  122  9:53  Zealot x2  
  122  9:54  Zealot x4  
  131  10:07  Templar Archives  
  131  10:08  Pylon, Phoenix (Chrono Boost)  
  123  10:43  Stalker x5  
  123  10:44  Stalker x3  
  113  11:11  Stalker  
  109  11:12  Stalker x3  
  109  11:14  Stalker  
  109  11:16  Probe x3  
  116  11:26  Probe x2  
  116  11:27  Probe  
  116  11:28  Photon Cannon  
  116  11:29  Photon Cannon  
  119  11:36  Pylon  
  119  11:37  Probe x3, Stalker x2  
  119  11:38  Pylon, Zealot x3  
  132  11:40  Pylon  
  128  11:47  Probe  
Tags
 
Add a new tag
Caveats
  • Supply blocks, unpowered buildings, or Contaminate may cause inaccurate times.
  • Supply counts are checked every 10 seconds.